AoeStats
← Marts

Fortress

508005198Analyzed
3v3 RM · 12d ago on Sep 20, 2026· 51m 16s· 6 players
Game mode
Random Map
Map size
Large (8 player)
Population
200
Speed
Normal
Resources
Standard
Victory
Conquest
Starting age
Dark Age
Ending age
Imperial Age
RankedLock teamsTeams togetherTeam positionsShared explorationLock speedFull tech treeHidden civsTurbo modeCheats
Victory
Defeat
🇨🇳 Franks · China
1391
+14
🇨🇳 Tupi · China
1390
+14
🇨🇳 Byzantines · China
1228
+22
🇫🇷 Portuguese · France
1423
-20
🇫🇷 Dravidians · France
1377
-18
🇦🇷 Mongols · Argentina
1227
-12
Zozénia
7:30 Feudal Age
11:13 Castle Age
9:17 Double-Bit Axe
10:02 Horse Collar
12:23 Bow Saw
14:02 Loom
18:10 Wheelbarrow
25:25 Imperial Age
23:09 Gold Mining
23:10 Fletching
23:21 Padded Archer Armor
24:31 Ballistics
24:40 Bodkin Arrow
25:00 Leather Archer Armor
24:52 Thumb Ring
25:58 Hand Cart
26:14 Bracer
27:40 Chemistry
27:45 Medical Corps
28:37 Masonry
28:17 Elite Elephant Archer
29:39 Conscription
29:37 Town Watch
31:20 Ring Archer Armor
31:55 Scale Mail Armor
32:05 Forging
33:30 Chain Mail Armor
33:50 Iron Casting
33:17 Squires
33:42 Pikeman
35:36 Plate Mail Armor
36:06 Blast Furnace
35:29 Wootz Steel
35:45 Hoardings
35:09 Halberdier
45:13 Gambesons
44:48 Light Cavalry
45:31 Husbandry
44:55 Man-at-Arms
46:30 Caravan
47:01 Coinage
Marts
7:36 Feudal Age
8:49 Double-Bit Axe
12:01 Castle Age
10:01 Horse Collar
11:24 Gold Mining
12:06 Loom
13:01 Bow Saw
16:53 Town Watch
21:01 Heavy Plow
25:20 Wheelbarrow
30:41 Imperial Age
29:53 Hand Cart
29:35 Stone Mining
29:57 Fletching
30:07 Padded Archer Armor
31:39 Leather Archer Armor
32:30 Chemistry
31:08 Elite Skirmisher
31:44 Fletching
34:10 Ring Archer Armor
34:23 Bodkin Arrow
36:17 Bracer
36:56 Conscription
36:54 Circumnavigation
37:42 Arquebus
39:09 Masonry
42:06 Scale Barding Armor
42:12 Forging
42:06 Pikeman
42:48 Scale Mail Armor
42:13 Light Cavalry
42:54 Husbandry
49:20 Ballistics
Alexis
9:11 Feudal Age
10:33 Double-Bit Axe
13:13 Castle Age
11:07 Fletching
11:45 Padded Archer Armor
11:49 Gold Mining
14:09 Bloodlines
14:02 Bodkin Arrow
15:12 Bow Saw
15:05 Husbandry
15:55 Leather Archer Armor
15:42 Horse Collar
17:40 Loom
21:44 Town Watch
22:35 Wheelbarrow
24:58 Thumb Ring
29:01 Imperial Age
27:46 Ballistics
28:53 Gold Shaft Mining
29:42 Bracer
30:49 Chemistry
31:35 Conscription
30:54 Light Cavalry
33:09 Fortified Wall
38:54 Forging
40:58 Iron Casting
41:22 Heavy Plow
44:26 Blast Furnace
43:46 Caravan
46:02 Elite Mangudai
a1720989472
0:27 Loom
5:34 Loom
8:32 Feudal Age
12:29 Castle Age
10:48 Double-Bit Axe
10:46 Horse Collar
17:27 Champi Runner
18:26 Fletching
19:22 Champi Warrior
20:06 Scale Mail Armor
20:16 Forging
20:56 Squires
23:06 Padded Archer Armor
23:23 Chain Mail Armor
23:44 Iron Casting
24:33 Bodkin Arrow
25:21 Ballistics
27:04 Arson
28:02 Wheelbarrow
32:17 Imperial Age
30:00 Gold Mining
30:38 Padded Archer Armor
31:37 Leather Archer Armor
31:58 Hand Cart
34:20 Conscription
34:39 Bow Saw
34:34 Heavy Plow
34:30 Elite Champi Warrior
35:56 Plate Mail Armor
35:36 Bracer
37:48 Chemistry
37:58 Caciques
39:18 Ring Archer Armor
38:57 Elite Skirmisher
39:10 Elite Blackwood Archer
44:18 Stone Mining
45:39 Gold Shaft Mining
大胃·斤
6:54 Feudal Age
10:30 Castle Age
9:30 Double-Bit Axe
11:11 Loom
13:05 Bow Saw
13:35 Wheelbarrow
14:39 Bow Saw
18:22 Hand Cart
20:57 Gold Mining
21:00 Stone Mining
22:28 Forging
22:24 Scale Barding Armor
25:29 Imperial Age
23:04 Town Watch
24:13 Iron Casting
24:30 Gold Shaft Mining
24:01 Husbandry
24:43 Chain Barding Armor
27:34 Blast Furnace
27:09 Plate Barding Armor
26:32 Cavalier
28:11 Paladin
29:29 Fletching
35:15 Chemistry
36:30 Coinage
37:21 Bodkin Arrow
42:01 Conscription
41:44 Padded Archer Armor
41:39 Light Cavalry
43:36 Hoardings
1312801874
6:50 Feudal Age
9:37 Loom
13:46 Castle Age
12:27 Double-Bit Axe
12:25 Horse Collar
19:42 Wheelbarrow
24:27 Heavy Plow
29:00 Imperial Age
26:45 Fletching
26:56 Padded Archer Armor
26:59 Gold Mining
26:59 Stone Mining
28:06 Ballistics
27:44 Murder Holes
27:59 Fortified Wall
28:16 Bodkin Arrow
28:37 Leather Archer Armor
28:53 Elite Skirmisher
30:42 Conscription
31:32 Chemistry
31:59 Bracer
32:29 Ring Archer Armor
32:49 Hand Cart
33:11 Conscription
36:23 Crop Rotation
36:35 Bow Saw
37:54 Ring Archer Armor
38:54 Two-Man Saw
40:04 Capped Ram
42:11 Light Cavalry
43:39 Siege Ram
44:36 Hussar
45:18 Husbandry
45:26 Scale Barding Armor
45:31 Forging
48:25 Iron Casting
48:11 Chain Barding Armor
51:12 Plate Barding Armor
51:48 Coinage
Connection lost

Rejoining the realm…

Still unreachable

The connection could not be restored.

Session expired

The server has moved on; the page needs a fresh start.